AoeStats
← a-pb

Coastal Forest

510769726Analyzed
2v2 RM · 9h ago on Oct 2, 2026· 63m 25s· 4 players
Game mode
Random Map
Map size
Medium (4 player)
Population
200
Speed
Normal
Resources
Standard
Victory
Conquest
Starting age
Dark Age
Ending age
Imperial Age
RankedLock teamsTeams togetherTeam positionsShared explorationLock speedFull tech treeHidden civsTurbo modeCheats
Victory
Defeat
🇫🇷 Italians · France
1308
+10
🇫🇷 Byzantines · France
962
+22
🇹🇼 Bohemians · Taiwan
1146
-16
🇹🇼 Varangians · Taiwan
1136
-16
Kortek1567
11:00 Feudal Age
12:21 Double-Bit Axe
16:15 Castle Age
14:37 Loom
18:16 Wheelbarrow
17:52 Bow Saw
17:23 Horse Collar
17:36 Gold Mining
23:04 Redemption
23:15 Sanctity
23:06 Fervor
25:21 Horse Collar
25:33 Stone Mining
28:12 Heavy Plow
28:48 Stone Shaft Mining
28:03 Fishing Lines
28:35 Medium Warships
29:33 Squires
29:07 Pikeman
29:54 Scale Mail Armor
30:04 Forging
30:36 Gillnets
31:27 Atonement
32:02 Chain Mail Armor
32:22 Iron Casting
31:37 Fletching
33:57 Arson
35:09 Bodkin Arrow
35:14 Padded Archer Armor
38:30 Imperial Age
35:48 Crossbowman
37:21 Thumb Ring
37:56 Hand Cart
38:45 Elite Skirmisher
39:59 Conscription
39:45 Murder Holes
43:17 Hoardings
43:06 Conscription
43:46 Town Watch
45:28 Ballistics
46:09 Chemistry
45:20 Masonry
45:24 Careening
45:25 Clinker Construction
45:31 Arbalester
47:05 Treadmill Crane
49:15 Architecture
53:46 Bloodlines
53:37 Husbandry
52:57 Light Cavalry
54:51 Coinage
55:00 Cavalier
58:21 Banking
58:02 Guilds
57:53 Caravan
58:17 Silk Road
59:00 Capped Ram
a-pb
3:14 Loom
6:54 Loom
7:16 Loom
9:54 Feudal Age
19:27 Castle Age
28:37 Fletching
31:54 Double-Bit Axe
33:07 Horse Collar
34:38 Scale Barding Armor
36:02 Wheelbarrow
37:34 Forging
38:14 Hand Cart
43:08 Crossbowman
45:34 Thumb Ring
46:35 Padded Archer Armor
47:02 Bodkin Arrow
47:06 Elite Skirmisher
48:31 Light Cavalry
52:14 Chain Barding Armor
54:03 Heavy Plow
56:01 Husbandry
58:58 Bow Saw
61:58 Iron Casting
White_Tsai
11:12 Feudal Age
10:47 Loom
15:37 Castle Age
18:46 Squires
18:34 Arson
19:48 Scale Mail Armor
27:26 Light Cavalry
29:34 Husbandry
29:51 Bloodlines
34:58 Arson
38:41 Chain Mail Armor
38:37 Forging
39:49 Horse Collar
40:48 Iron Casting
49:56 Heavy Plow
49:44 Double-Bit Axe
53:16 Bow Saw
54:00 Scale Barding Armor
57:00 Wheelbarrow
56:12 Town Watch
61:36 Pikeman
EN_Tsai
7:19 Loom
9:27 Feudal Age
13:49 Castle Age
13:08 Double-Bit Axe
29:55 Redemption
31:43 Atonement
42:38 Imperial Age
47:04 Ballistics
49:13 Chemistry
47:51 Elite Hussite Wagon
Connection lost

Rejoining the realm…

Still unreachable

The connection could not be restored.

Session expired

The server has moved on; the page needs a fresh start.